Unix NetHack Version 5.0.0-0 post-release - last build May  3 2026 23:40:34 (9823c992c0763bbd039eca2974112f46eaf799b3,branch:main).

Game began 2026-05-04 15:30:11, ended 2026-05-04 15:42:30.

CaptainEquinox, lawful male human Samurai

                                             ----------
           -------                         ##+........|
          #......|             ----------  # |..|..(...#
          #|.....|             |........|  # |........|#
          #|......#           #-........|  # |........|#
          #|.....|#           #|....^...|  # ----------#####
          #|.....|#           #|..).....|  #               #
          #-------#         ###|.......<| ##               #### --------------
          ####    @     #####  -----.----##                   # |............|
             #    #     #           #    #                    ##+............|
             #    #     #           ############################|............|
             #    #     #           ##   #                     #|............|
         #   #   ##    ##         ###   ##                     #-............|
        -----#  ##     #        --.-----#                       --------------
        |.>.|#  #----- #        |......|#
        |...|#  #|...-##        |......|#
        |...-#  #|...|          |...(..-#
        |...|   #.._.|          --------
        -----    -----           #

CaptainEquinox the Ronin  St:17 Dx:18 Co:18 In:9 Wi:7 Ch:6  Lawful
Dlvl:1  $:0  HP:38(38) Pw:10(10) AC:8  Xp:3 T:494 

Latest messages:
 y - a red gem.
 What do you want to read? [tuvw or ?*] ?
 As you read the scroll, it disappears.
 A lit field surrounds you!
 What do you want to read? [uvw or ?*] u
 As you read the scroll, it disappears.
 A map coalesces in your mind!
 What do you want to read? [vw or ?*] v
 You notice you have no gold!
 You can move again.
 What do you want to read? [vw or ?*] w
 You begin to memorize the runes.
 You stop studying.
 Hachi bites the fox.
 The fox is killed!
 You see here a fox corpse.
 You have a little trouble lifting a fox corpse.  Continue? [ynq] (q) y
 You have a little trouble lifting z - a fox corpse.
 Your movements are slowed slightly because of your load.
 What do you want to throw? [bcds or ?*] z
 In what direction? j
 Your movements are now unencumbered.
 Hachi eats a fox corpse.
 You see here an empty broken chest.
 What do you want to read? [vw or ?*] ?
 You feel a wrenching sensation.
 You materialize in a different location!
 You can move again.
 What do you want to read? [vw or ?*] w
 You feel threatened.
 The spellbook crumbles to dust!
 Call a white spellbook: yb
 You can move again.
 Please move the cursor to a monster, object or location.
 (For instructions type a '?')
 |        the interior of a monster or a wall or an open door or a grave (grave whose headstone you haven't read)
 More info about "grave"? [yn] (n) n
 Pick a monster, object or location.
 Automatic description is off.
 Move cursor to a monster, object or location:
 Automatic description is on.
 Automatic description is off.
 Move cursor to a monster, object or location:
 Automatic description is on.
 Really quit without saving? [yn] (n) y
 Do you want your possessions identified? [ynq] (y) y
 Do you want to see your attributes? [ynq] (y) y
 Do you want an account of creatures vanquished? [ynaq] (y) n
 Do you want to see your conduct and achievements? [ynq] (y) y
 Do you want to see the dungeon overview? [ynq] (y) y

Inventory:
 Weapons  (')')
  d - 41 +0 ya (in quiver)
  c - a +0 yumi
  s - a +0 orcish dagger
  a - a blessed +0 katana (weapon in right hand)
  b - a +0 wakizashi (alternate weapon; not wielded)
 Armor    ('[')
  g - a cursed -5 orcish helm (being worn)
  e - an uncursed rustproof +0 splint mail (being worn)
 Spellbooks  ('+')
  v - an uncursed spellbook of charm monster
 Gems/Stones  ('*')
  x - an uncursed worthless piece of orange glass
  y - an uncursed worthless piece of red glass
  f - a cursed worthless piece of red glass

CaptainEquinox the Samurai's attributes:

Background:
 You were a Ronin, a level 3 male human Samurai.
 You were lawful, on a mission for Amaterasu Omikami
 who was opposed by Raijin (neutral) and Susanowo (chaotic).
 You were right-handed.
 You were in the Dungeons of Doom, on level 1.
 You entered the dungeon 494 turns ago.
 There was a full moon in effect when your adventure ended.
 You had 44 experience points, 36 more were needed to attain level 4.

Basics:
 You had all 38 hit points.
 You had all 10 energy points (spell power).
 Your armor class was 8.
 Your wallet was empty.
 Autopickup was off.

Final Characteristics:
 Your strength was 17 (limit:18/100).
 Your dexterity was 18 (limit:18).
 Your constitution was 18 (limit:18).
 Your intelligence was 9 (limit:18).
 Your wisdom was 7 (limit:18).
 Your charisma was 6 (limit:18).

Final Status:
 You weren't hungry.
 You were unencumbered.
 You were wielding a long sword.
 You had basic skill with long sword.

Final Attributes:
 You were fervently aligned.
 You were warded.
 You were fast.
 You were unlucky.
 Amaterasu Omikami was angry with you.
 You survived.

Miscellaneous:
 You didn't encounter any bones levels.
 Total elapsed playing time was 12 minutes and 18 seconds.

Major events:
 Turn
    1: CaptainEquinox the lawful male human Samurai entered the dungeon
  357: attained the rank of Ronin (level 3)
  494: quit

You didn't know any spells.

Skills:
 Fighting Skills
   martial arts      [Basic]
   two weapon combat [Unskilled]
   riding            [Unskilled]
 Weapon Skills
   dagger            [Unskilled]
   knife             [Unskilled]
   short sword       [Basic]
   broadsword        [Unskilled]
   long sword        [Basic]
   two-handed sword  [Unskilled]
   saber             [Unskilled]
   flail             [Unskilled]
   quarterstaff      [Unskilled]
   polearms          [Unskilled]
   spear             [Unskilled]
   lance             [Unskilled]
   bow               [Basic]
   shuriken          [Unskilled]
 Spellcasting Skills
   attack spells     [Unskilled]
   divination spells [Unskilled]
   clerical spells   [Unskilled]

Voluntary challenges:
 Character rerolling was not enabled.
 You never genocided any monsters.
 You never polymorphed an object.
 You never changed form.
 You used no wishes.
Achievement:
 You attained the rank of Ronin.

 The Dungeons of Doom:
    Level 1: <- You were here.
       An altar to Amaterasu Omikami, a grave.


Vanquished creatures:
  2 jackals
  2 foxes
  4 goblins
  3 lichens
  a kobold zombie
  4 newts
16 creatures vanquished.

No species were genocided or became extinct.

Sayonara CaptainEquinox the Samurai...

You quit in The Dungeons of Doom on dungeon level 1 with 216 points,
and 0 pieces of gold, after 494 moves.
You were level 3 with a maximum of 38 hit points when you quit.

